 Dungeon Crawl Stone Soup version 0.30-a0-310-g7d6cbdfea6 (webtiles) character file.

Game seed: 14775333339678139403

416 retardedninja the Chopper (level 6, -1/55 HPs)
             Began as a Hill Orc Fighter on Oct 24, 2022.
             Slain by a gnoll
             ... wielding a +0 spear
             ... led by a gnoll bouda
              (3 damage)
             ... on level 4 of the Dungeon.
             The game lasted 00:06:37 (3445 turns).

retardedninja the Chopper (Hill Orc Fighter)        Turns: 3445, Time: 00:06:38

Health: -1/55      AC:  9    Str: 19 (21) XL:     6   Next: 92%
Magic:  6/6        EV:  9    Int: 11 (14) God:
Gold:   300        SH:  4    Dex:  8 (10) Spells: 5/5 levels left

rFire   . . .      SeeInvis .    a - +0 war axe
rCold   . . .      Faith    .    c - +0 buckler
rNeg    . . .      Spirit   .    b - +0 scale mail
rPois   .          Reflect  .    (no helmet)
rElec   .          Harm     .    d - +0 cloak
rCorr   .          Rampage  .    (no gloves)
Will    .....                    h - +0 pair of boots
Stlth   ..........               (no amulet)
HPRegen 0.29/turn                i - +6 ring of intelligence
MPRegen 0.10/turn                (no ring)

@: weakened, attractive
A: no striking features
a: no special abilities


You were on level 4 of the Dungeon.
You visited 1 branch of the dungeon, and saw 4 of its levels.

You collected 300 gold pieces.

Inventory:

Hand Weapons
 a - a +0 war axe (weapon)
Armour
 b - a +0 scale mail (worn)
 c - a +0 buckler (worn)
 d - a +0 cloak (worn)
 h - a +0 pair of boots (worn)
Jewellery
 i - a +6 ring of intelligence (left hand)
Wands
 f - a wand of polymorph (7)
 k - a wand of roots (12)
 o - a wand of digging (5)
Scrolls
 g - 2 scrolls of teleportation
 j - a scroll of silence
 p - 2 scrolls of magic mapping {unknown}
 q - a scroll of blinking {unknown}
Potions
 e - a potion of lignification {unknown}
 l - a potion of degeneration
 m - 2 potions of haste {unknown}
 n - a potion of attraction


   Skills:
 + Level 4.9 Fighting
 + Level 6.1 Axes
 + Level 4.5 Armour
 + Level 1.5 Dodging
 + Level 4.3 Shields
 + Level 0.5 Unarmed Combat


You had 5 spell levels left.
You didn't know any spells.
Your spell library contained the following spells:

 Spells                   Type           Power      Damage    Failure   Level
 Dazzling Flash           Conj/Hex       0%         N/A       98%         3
 Summon Guardian Golem    Hex/Summ       0%         N/A       98%         3
 Agony                    Necr           0%         N/A       100%        5
 Silence                  Hex/Air        0%         N/A       100%        5
 Orb of Destruction       Conj           0%         9d5       100%        7
 Spellforged Servitor     Conj/Summ      0%         N/A       100%        7


Dungeon Overview and Level Annotations

Branches:
Dungeon (4/15)
 Temple: D:4-7

Altars:
Cheibriados
Okawaru
Qazlal
Ru
Xom


Message History

You barely miss the gnoll.
The gnoll hits you from afar with a +0 spear.
The gnoll misses you.
The gnoll hits you from afar with a +0 spear.
The gnoll bouda hits you with a +0 club!
You barely miss the gnoll bouda.
The gnoll bouda is heavily wounded.
You hit the gnoll. The gnoll hits you but does no damage.
The gnoll closely misses you. The gnoll hits you but does no damage.
The gnoll hits you with a +0 spear.
The gnoll hits you from afar with a +0 spear.
The gnoll bouda gazes fiercely through you!
You feel your attacks grow feeble.
The gnoll bouda hits you but does no damage.
You barely miss the gnoll.
The gnoll is almost dead.
You hit the gnoll bouda. You slash the gnoll!
The gnoll hits you with a +0 whip.
* * * LOW HITPOINT WARNING * * *
The gnoll hits you with a +0 spear.
* * * LOW HITPOINT WARNING * * *
The gnoll closely misses you.
The gnoll bouda gazes fiercely through you!
You feel as though you will be weak longer.
The gnoll bouda hits you with a +0 club.
* * * LOW HITPOINT WARNING * * *
The gnoll hits you with a +0 whip.
* * * LOW HITPOINT WARNING * * *
It was a potion of degeneration.
There was something very wrong with that liquid.
You feel weakened.
You feel dopey.
You feel clumsy. You block the gnoll's attack. The gnoll barely misses you.
The gnoll bouda gazes fiercely through you!
You feel as though you will be weak longer.
The gnoll bouda hits you but does no damage.
The gnoll hits you but does no damage.
It was a potion of attraction.
You feel attractive to monsters. The gnoll hits you with a +0 spear.
You die...

####..####.## #.....##...
#...###..(####.....##.##
#.......#.............# ####
#P♣####...###....>..#.##
...#
###..♣P###.#..<...........
##.#
#..........#.##.......####
#.#
###.♣..P.♣P.##.####...###
##.###.....~~....g..####...#
..........♣~~~♣g@g........##
.#)###.##P~♣~~~~)#..#######
.#.# #.##..♣~~♣~g#..# #.#
#.##..~♣~~~♣...# #.#
#.##♣...~~.....# ..# #.#
#P...~P)...# ### #.#
##......#... #.. ....P....##
.........


You could see a gnoll bouda and 3 gnolls.

Vanquished Creatures
  A scorpion (D:3)
  An orc priest (D:3)
  Crazy Yiuf (D:2)
  A jelly (D:4)
  Jessica (D:4)
  Natasha (thrice) (D:3)
  Ijyb (D:3)
  Robin (D:3)
  2 gnolls
  2 adders
  A worm (D:4)
  A dart slug (D:4)
  6 orcs
  5 endoplasms
  3 giant cockroaches
  15 goblins
  10 hobgoblins
  8 jackals
  8 kobolds
  2 quokkas
  3 ball pythons
  4 bats
  2 frilled lizards
  3 rats
85 creatures vanquished.

Vanquished Creatures (others)
  5 plants
5 creatures vanquished.

Grand Total: 90 creatures vanquished

Notes
Turn   | Place    | Note
-------+----------+-------------------------------------------
     0 | D:1      | retardedninja the Hill Orc Fighter began the quest for the
                  | Orb.
     0 | D:1      | Reached XP level 1. HP: 19/19 MP: 1/1
   172 | D:1      | Reached XP level 2. HP: 14/27 MP: 2/2
   392 | D:1      | Reached skill level 3 in Axes
   465 | D:1      | Reached XP level 3. HP: 28/33 MP: 3/3
  1023 | D:2      | Found a runed translucent door.
  1024 | D:2      | Noticed Crazy Yiuf
  1175 | D:2      | Killed Crazy Yiuf
  1176 | D:2      | Reached skill level 4 in Axes
  1176 | D:2      | Reached XP level 4. HP: 38/40 MP: 4/4
  1227 | D:3      | Found a sacrificial altar of Ru.
  1229 | D:3      | Noticed Jessica
  1230 | D:3      | Noticed Ijyb
  1245 | D:4      | Killed Jessica
  1526 | D:3      | Killed Ijyb
  1527 | D:3      | Reached XP level 5. HP: 37/47 MP: 5/5
  1564 | D:3      | Noticed Robin
  1577 | D:3      | Killed Robin
  1669 | D:3      | Noticed Natasha
  1671 | D:3      | Killed Natasha
  1672 | D:3      | Reached skill level 1 in Dodging
  1710 | D:3      | Found a snail-covered altar of Cheibriados.
  1819 | D:3      | Reached skill level 5 in Axes
  1819 | D:3      | Reached XP level 6. HP: 49/53 MP: 6/6
  1843 | D:3      | Noticed Natasha
  1853 | D:3      | Killed Natasha
  1952 | D:3      | Noticed Natasha
  1965 | D:3      | Killed Natasha
  2903 | D:3      | Found an iron altar of Okawaru.
  2993 | D:4      | Noticed a fire elemental
  2997 | D:4      | Found a stormy altar of Qazlal.
  3000 | D:4      | Noticed a water elemental
  3001 | D:4      | Noticed an air elemental
  3197 | D:4      | Found a shimmering altar of Xom.
  3260 | D:4      | Reached skill level 6 in Axes
  3443 | D:4      | HP: 2/55 [gnoll/+0 whip[a gnoll bouda] (5)]
  3445 | D:4      | Slain by a gnoll

Illustrated notes

Levels and vault maps discovered:
D:1:      dpeg_arrival_rooms_a, layout_loops_ring
D:2:      layout_basic, serial_bayou_crossing, uniq_crazy_yiuf_cottage
D:3:      layout_basic, overflow_temple_1_default, general_overflow_altar,
          mainiacjoe_overflow_concentric_impassable, uniq_ijyb, uniq_jessica,
          uniq_natasha, uniq_robin
D:4:      layout_loops_ring, nicolae_qazlal_style_of_elements,
          mainiacjoe_overflow_alcove_2, xom_teletrap_fun, serial_bayou_pond_a

Skill      XL: |  1  2  3  4  5  6 |
---------------+-------------------+-----
Fighting       | 4 |  4.9
Axes           | 3 4 5 6 |  6.1
Armour         | 4 |  4.5
Shields        | 4 |  4.3
Dodging        | 1 |  1.5
Unarmed Combat | |  0.5

Action                   |  1- 3 |  4- 6 || total
-------------------------+-------+-------++-------
Melee: War axe           |    93 |   139 ||   232
       Unarmed           |       |    18 ||    18
  Use: Potion            |     1 |     4 ||     5
       Scroll            |       |     3 ||     3
Armor: Scale mail        |    56 |    66 ||   122
       Skin              |       |     6 ||     6
Dodge: Dodged            |    46 |    68 ||   114
Block: Buckler           |    25 |    35 ||    60

Table legend: (Time is in decaauts)
 A = Elapsed time spent in this place.
 B = Non-inter-level travel time spent in this place.
 C = Inter-level travel time spent in this place.
 D = Time resting spent in this place.
 E = Time spent auto-exploring this place.
 F = Levels seen in this place.
 G = Mean time per level.
                   A        B        C        D        E       F      G
               +--------+--------+--------+--------+--------+-----+--------+
         Total |   3521 |   3394 |    127 |   1044 |   1753 |   4 |  880.2 |
       Dungeon |   3521 |   3394 |    127 |   1044 |   1753 |   4 |  880.2 |
               +--------+--------+--------+--------+--------+-----+--------+

Top non-repeatable levels by time:
     D:3: 1502 daAuts
     D:1: 819 daAuts
     D:4: 773 daAuts
     D:2: 427 daAuts
